AoeStats
← 765611984506

Black Forest

510110111Analyzed
4v4 RM · 22h ago on Sep 29, 2026· 35m 51s· 8 players
Game mode
Random Map
Map size
Large (8 player)
Population
200
Speed
Normal
Resources
Standard
Victory
Conquest
Starting age
Dark Age
Ending age
Imperial Age
RankedLock teamsTeams togetherTeam positionsShared explorationLock speedFull tech treeHidden civsTurbo modeCheats
Victory
Defeat
🇨🇳 Saxons · China
1192
+10
🇨🇳 Chinese · China
1119
+13
🇨🇳 Turks · China
1109
+13
🇹🇼 Persians · Taiwan
1043
+46
🇹🇼 Ethiopians · Taiwan
1132
-17
🇨🇳 Magyars · China
1054
-13
🇻🇳 Cumans · Vietnam
1019
-12
🇹🇼 Bohemians · Taiwan
983
-10
Delta
6:06 Loom
13:40 Feudal Age
18:57 Castle Age
20:45 Double-Bit Axe
21:12 Horse Collar
22:31 Bow Saw
24:15 Heavy Plow
31:41 Wheelbarrow
34:11 Chemistry
33:31 Ballistics
37:45 Imperial Age
Kuro
0:52 Loom
12:47 Feudal Age
14:05 Double-Bit Axe
14:03 Horse Collar
17:50 Stone Mining
20:07 Castle Age
20:58 Fletching
22:01 Stone Shaft Mining
21:45 Bow Saw
21:38 Heavy Plow
23:19 Wheelbarrow
27:59 Imperial Age
27:48 Fortified Wall
29:25 Conscription
30:39 Bodkin Arrow
30:44 Padded Archer Armor
32:35 Chemistry
34:46 Two-Man Saw
冬至
1:17 Loom
11:47 Feudal Age
12:55 Double-Bit Axe
12:52 Horse Collar
20:17 Castle Age
21:45 Bloodlines
21:50 Forging
21:46 Scale Barding Armor
22:58 Bow Saw
23:21 Heavy Plow
24:08 Wheelbarrow
23:46 Light Cavalry
25:04 Iron Casting
25:42 Gold Mining
25:44 Stone Mining
26:49 Hand Cart
28:55 Chain Barding Armor
29:08 Town Watch
32:30 Imperial Age
32:45 Hussar
34:27 Blast Furnace
34:03 Plate Barding Armor
33:58 Conscription
33:53 Steppe Husbandry
HAHAR
1:47 Loom
14:19 Feudal Age
18:26 Castle Age
16:22 Horse Collar
16:35 Double-Bit Axe
16:44 Horse Collar
18:19 Stone Mining
19:21 Heavy Plow
19:33 Bow Saw
24:27 Gold Mining
25:36 Wheelbarrow
29:28 Hand Cart
32:07 Imperial Age
30:30 Gold Shaft Mining
31:55 Padded Archer Armor
31:46 Fletching
32:02 Scale Barding Armor
32:20 Ballistics
31:52 Heated Shot
32:04 Husbandry
32:14 Bloodlines
33:26 Parthian Tactics
32:22 Heavy Cavalry Archer
33:09 Thumb Ring
33:20 Bodkin Arrow
33:41 Leather Archer Armor
34:33 Masonry
35:24 Chemistry
34:41 Leather Archer Armor
Minneapolis
1:17 Loom
11:21 Feudal Age
15:21 Castle Age
13:46 Double-Bit Axe
16:33 Bow Saw
16:37 Horse Collar
21:43 Heavy Plow
22:27 Wheelbarrow
29:02 Imperial Age
26:42 Gold Mining
27:24 Hand Cart
27:48 Squires
27:33 Arson
28:05 Scale Mail Armor
28:15 Forging
28:53 Gold Shaft Mining
29:03 Stone Mining
29:03 Stone Mining
29:06 Elite Varangian Guard
30:08 Conscription
30:06 Chain Mail Armor
31:20 Plate Mail Armor
30:40 Capped Ram
31:33 Gambesons
31:34 Shield Wall
33:42 Iron Casting
33:48 Siege Ram
36:30 Two-Man Saw
36:07 Fletching
765611984506
6:10 Loom
11:20 Feudal Age
13:20 Double-Bit Axe
15:56 Castle Age
18:10 Bow Saw
23:41 Wheelbarrow
24:07 Horse Collar
24:55 Stone Mining
26:16 Hand Cart
26:52 Gold Mining
27:29 Heavy Plow
30:55 Imperial Age
29:11 Scale Barding Armor
30:33 Chain Barding Armor
30:23 Forging
31:39 Conscription
31:50 Bloodlines
31:40 Husbandry
31:29 Elite War Elephant
32:59 Plate Barding Armor
33:54 Iron Casting
35:07 Crop Rotation
35:42 Two-Man Saw
35:55 Blast Furnace
36:23 Gold Shaft Mining
36:27 Stone Shaft Mining
36:26 Guilds
NickJiang
0:31 Loom
11:17 Feudal Age
12:06 Double-Bit Axe
15:52 Castle Age
16:51 Wheelbarrow
16:03 Horse Collar
16:49 Bow Saw
23:00 Heavy Plow
23:27 Gold Mining
25:21 Gold Shaft Mining
25:12 Hand Cart
27:28 Stone Mining
30:52 Imperial Age
29:10 Stone Shaft Mining
28:32 Fletching
29:26 Ballistics
29:09 Bodkin Arrow
29:15 Padded Archer Armor
30:42 Thumb Ring
30:58 Leather Archer Armor
31:43 Squires
31:28 Arson
31:10 Elite Chu Ko Nu
32:13 Rocketry
32:13 Conscription
31:58 Bracer
33:08 Chemistry
32:40 Ring Archer Armor
32:12 Elite Fire Lancer
32:58 Scale Mail Armor
34:44 Chain Mail Armor
bluestorm
0:49 Loom
13:24 Feudal Age
14:13 Double-Bit Axe
17:03 Castle Age
15:13 Horse Collar
17:20 Wheelbarrow
22:43 Imperial Age
22:24 Bow Saw
29:18 Heavy Plow
32:40 Two-Man Saw
32:40 Conscription
33:00 Ballistics
33:08 Artillery
33:45 Treadmill Crane
34:35 Scale Barding Armor
34:40 Forging
35:21 Hand Cart
35:20 Bloodlines
35:10 Husbandry
35:34 Bombard Tower
35:41 Chain Barding Armor
36:11 Town Watch
Connection lost

Rejoining the realm…

Still unreachable

The connection could not be restored.

Session expired

The server has moved on; the page needs a fresh start.